NCAA
CLEMSON TIGERS @ TENNESSEE VOLUNTEERS
04/30/2029
 
TOP OF THE 1ST
Clemson Tigers batting - Pitching for Tennessee Volunteers : RHP Ramón Silva
Pitching: RHP Ramón Silva
Batting: LHB Dan Dukes 0-0: Called Strike
0-1: Ball
1-1: Called Strike
1-2: Fly out, F7 (Flyball, 7D)
Batting: RHB Ricardo Medellín 0-0: Ground out 4-3 (Groundball, 4)
Batting: LHB Pedro Robolledo 0-0: Ball
1-0: Fly out, F1 (Line Drive, 15S)
Top of the 1st over - 0 runs, 0 hits, 0 errors, 0 left on base; Clemson 0 - Tennessee 0
BOTTOM OF THE 1ST
Tennessee Volunteers batting - Pitching for Clemson Tigers : LHP Jeff Foster
Pitching: LHP Jeff Foster
Batting: RHB Bruce Carr 0-0: Called Strike
0-1: Swinging Strike
0-2: DOUBLE (Line Drive, 89D)
Batting: RHB Gary Washington 0-0: Ball
1-0: Ball
2-0: Ball
3-0: Called Strike
3-1: Fly out, F7 (Flyball, 7S)
Batting: LHB Alfredo Cantú 0-0: Ball
1-0: Ball
2-0: Swinging Strike
2-1: Foul Ball, location: 2F
2-2: Ball
3-2: Base on Balls
Batting: LHB Carl Coffman 0-0: Called Strike
0-1: Ball
1-1: Ball
2-1: Foul Ball, location: 2F
2-2: Ball
3-2: Base on Balls
Bruce Carr to third
Alfredo Cantú to second
Batting: SHB Jared Calhoun 0-0: Called Strike
0-1: SINGLE (Groundball, 34D)
Bruce Carr scores
Alfredo Cantú to third
Carl Coffman to second
Batting: RHB Rodney Walker 0-0: Ball
1-0: Ball
Wild Pitch!
Alfredo Cantú scores
Carl Coffman to third
Jared Calhoun to second
2-0: Ball
3-0: Base on Balls
Batting: RHB Lorne McClain 0-0: Ball
1-0: Ball
2-0: Foul Ball, location: 2F
2-1: Ball
3-1: Swinging Strike
3-2: Base on Balls
Carl Coffman scores
Jared Calhoun to third
Rodney Walker to second
Batting: RHB Chris Harper 0-0: Foul Ball, location: 2F
0-1: Ball
1-1: Called Strike
1-2: Ball
2-2: DOUBLE (Groundball, 5L)
Jared Calhoun scores
Rodney Walker scores
Lorne McClain to third
Batting: RHB John Pickup 0-0: SINGLE (Line Drive, 8RS)
Lorne McClain scores
Chris Harper to third
Runner from 3rd tries for Home, throw and OUT!
Batting: RHB Bruce Carr 0-0: Ball
1-0: Ball
2-0: Swinging Strike
2-1: Foul Ball, location: 2F
2-2: TRIPLE (Flyball, 8LXD)
John Pickup scores
Batting: RHB Gary Washington 0-0: Foul Ball, location: 2F
0-1: Swinging Strike
0-2: Strikes out looking
Bottom of the 1st over - 7 runs, 5 hits, 0 errors, 1 left on base; Clemson 0 - Tennessee 7
TOP OF THE 2ND
Clemson Tigers batting - Pitching for Tennessee Volunteers : RHP Ramón Silva
Batting: SHB Ken Hall 0-0: Ball
1-0: Ball
2-0: SINGLE (Flyball, 7LS)
Batting: RHB Garth O'Flahavan 0-0: Called Strike
0-1: Hit by Pitch
Ken Hall to second
Batting: RHB Jimmy Bryan 0-0: Swinging Strike
0-1: Fielders Choice at 2nd, 3-6 (Groundball, 3)
Ken Hall to third
Batting: RHB Matt Blanton 0-0: Foul Ball, location: 2F
0-1: Ball
1-1: Ball
2-1: Foul Ball, location: 2F
2-2: Strikes out swinging
Batting: RHB António Delgado 0-0: Swinging Strike
0-1: Ball
1-1: Called Strike
1-2: Foul Ball, location: 2F
1-2: Ball
2-2: Ball
3-2: Strikes out looking
Top of the 2nd over - 0 runs, 1 hit, 0 errors, 2 left on base; Clemson 0 - Tennessee 7
BOTTOM OF THE 2ND
Tennessee Volunteers batting - Pitching for Clemson Tigers : LHP Jeff Foster
Batting: LHB Alfredo Cantú 0-0: Ball
1-0: Fly out, F7 (Flyball, 78D)
Batting: LHB Carl Coffman 0-0: Fly out, F4 (Popup, 34)
Batting: SHB Jared Calhoun 0-0: Called Strike
0-1: Foul Ball, location: 2F
0-2: Ball
1-2: Ball
2-2: Ball
3-2: DOUBLE (Line Drive, 7LD)
Batting: RHB Rodney Walker 0-0: Swinging Strike
0-1: Fly out, F8 (Flyball, 8RS)
Bottom of the 2nd over - 0 runs, 1 hit, 0 errors, 1 left on base; Clemson 0 - Tennessee 7
TOP OF THE 3RD
Clemson Tigers batting - Pitching for Tennessee Volunteers : RHP Ramón Silva
Batting: RHB Zach O'Kelly 0-0: Ground out 5-3 (Groundball, 56S)
Batting: LHB Dan Dukes 0-0: Foul Ball, location: 2F
0-1: Ball
1-1: Ball
2-1: Ball
3-1: Swinging Strike
3-2: Foul Ball, location: 2F
3-2: Foul Ball, location: 2F
3-2: Strikes out looking
Batting: RHB Ricardo Medellín 0-0: Swinging Strike
0-1: Foul Ball, location: 2F
0-2: Ball
1-2: Ground out 5-3 (Groundball, 56S)
Top of the 3rd over - 0 runs, 0 hits, 0 errors, 0 left on base; Clemson 0 - Tennessee 7
BOTTOM OF THE 3RD
Tennessee Volunteers batting - Pitching for Clemson Tigers : LHP Jeff Foster
Batting: RHB Lorne McClain 0-0: Ground out 4-3 (Groundball, 4)
Batting: RHB Chris Harper 0-0: Called Strike
0-1: Ball
1-1: Ball
2-1: Called Strike
2-2: Foul Ball, location: 2F
2-2: SINGLE (Groundball, 6) (infield hit)
Batting: RHB John Pickup 0-0: Ball
1-0: Ball
2-0: Called Strike
2-1: Fly out, F9 (Flyball, 9)
Batting: RHB Bruce Carr 0-0: Called Strike
0-1: Ball
1-1: Fly out, F4 (Line Drive, 4)
Bottom of the 3rd over - 0 runs, 1 hit, 0 errors, 1 left on base; Clemson 0 - Tennessee 7
TOP OF THE 4TH
Clemson Tigers batting - Pitching for Tennessee Volunteers : RHP Ramón Silva
Batting: LHB Pedro Robolledo 0-0: Called Strike
0-1: Ball
1-1: Foul Ball, location: 2F
1-2: Ball
2-2: Ground out 1-3 (Groundball, 15)
Batting: SHB Ken Hall 0-0: Called Strike
0-1: Ball
1-1: Ball
2-1: Foul Ball, location: 2F
2-2: Foul Ball, location: 2F
2-2: Foul Ball, location: 2F
2-2: Ground out 6-3 (Groundball, 6)
Batting: RHB Garth O'Flahavan 0-0: Called Strike
0-1: Called Strike
0-2: Strikes out swinging, 2-3 out at first.
Top of the 4th over - 0 runs, 0 hits, 0 errors, 0 left on base; Clemson 0 - Tennessee 7
BOTTOM OF THE 4TH
Tennessee Volunteers batting - Pitching for Clemson Tigers : LHP Jeff Foster
Batting: RHB Gary Washington 0-0: SINGLE (Line Drive, 6MD)
Batting: LHB Alfredo Cantú 0-0: Foul Ball, location: 2F
0-1: Foul Ball, location: 2F
0-2: Ball
1-2: Ball
2-2: Grounds into double play, 4-6-3 (Groundball, 4M)
Batting: LHB Carl Coffman 0-0: Ball
1-0: SOLO HOME RUN (Flyball, 89XD), Distance : 368 ft
Batting: SHB Jared Calhoun 0-0: Ball
1-0: Ball
2-0: Ball
3-0: Called Strike
3-1: SINGLE (Line Drive, 7S)
Pitching: RHP Adam O'Herlihy
Batting: RHB Rodney Walker 0-0: Ball
1-0: Fly out, F9 (Flyball, 89S)
Bottom of the 4th over - 1 run, 3 hits, 0 errors, 1 left on base; Clemson 0 - Tennessee 8
TOP OF THE 5TH
Clemson Tigers batting - Pitching for Tennessee Volunteers : RHP Ramón Silva
Batting: RHB Jimmy Bryan 0-0: Ball
1-0: Foul Ball, location: 2F
1-1: Ball
2-1: Ball
3-1: Base on Balls
Batting: RHB Matt Blanton 0-0: Ball
1-0: Ball
Wild Pitch!
Jimmy Bryan to second
2-0: Ball
3-0: Called Strike
3-1: Base on Balls
Batting: RHB António Delgado 0-0: Called Strike
0-1: Fly out, F7 (Flyball, 7)
Batting: RHB Zach O'Kelly 0-0: Ball
1-0: Ball
Wild Pitch!
Jimmy Bryan to third
Matt Blanton to second
2-0: Swinging Strike
2-1: Foul Ball, location: 2F
2-2: Foul Ball, location: 2F
2-2: Strikes out swinging
Batting: LHB Dan Dukes 0-0: Ball
1-0: Ground out 6-3 (Groundball, 6M)
Top of the 5th over - 0 runs, 0 hits, 0 errors, 2 left on base; Clemson 0 - Tennessee 8
BOTTOM OF THE 5TH
Tennessee Volunteers batting - Pitching for Clemson Tigers : RHP Adam O'Herlihy
Batting: RHB Lorne McClain 0-0: Fly out, F9 (Flyball, 9)
Batting: RHB Chris Harper 0-0: Swinging Strike
0-1: Swinging Strike
0-2: Ball
1-2: Foul Ball, location: 2F
1-2: Foul Ball, location: 2F
1-2: Foul Ball, location: 2F
1-2: Ball
2-2: Ball
3-2: Foul Ball, location: 2F
3-2: Strikes out swinging
Batting: RHB John Pickup 0-0: Ball
1-0: Called Strike
1-1: Ball
2-1: Ball
3-1: Base on Balls
Batting: RHB Bruce Carr 0-0: Foul Ball, location: 2F
0-1: Swinging Strike
0-2: Ball
1-2: Strikes out swinging
Bottom of the 5th over - 0 runs, 0 hits, 0 errors, 1 left on base; Clemson 0 - Tennessee 8
TOP OF THE 6TH
Clemson Tigers batting - Pitching for Tennessee Volunteers : RHP Ramón Silva
Batting: RHB Ricardo Medellín 0-0: Called Strike
0-1: SOLO HOME RUN (Flyball, 7LD), Distance : 323 ft
Batting: LHB Pedro Robolledo 0-0: Called Strike
0-1: Ball
1-1: Ball
2-1: Ball
3-1: SOLO HOME RUN (Flyball, 89XD), Distance : 386 ft
Pitching: RHP José Pérez
Batting: SHB Ken Hall 0-0: Swinging Strike
0-1: Foul Ball, location: 2F
0-2: Strikes out swinging
Batting: RHB Garth O'Flahavan 0-0: Foul Ball, location: 2F
0-1: Foul Ball, location: 2F
0-2: Ball
1-2: Foul Ball, location: 2F
1-2: Strikes out looking
Batting: RHB Jimmy Bryan 0-0: Ball
1-0: SINGLE (Groundball, 6MD)
Batting: RHB Matt Blanton 0-0: Foul Ball, location: 2F
0-1: Ball
1-1: Fly out, F6 (Popup, 6)
Top of the 6th over - 2 runs, 3 hits, 0 errors, 1 left on base; Clemson 2 - Tennessee 8
BOTTOM OF THE 6TH
Tennessee Volunteers batting - Pitching for Clemson Tigers : RHP Adam O'Herlihy
Batting: RHB Gary Washington 0-0: Ball
1-0: Ball
2-0: Ball
3-0: Called Strike
3-1: Called Strike
3-2: Strikes out looking
Batting: LHB Alfredo Cantú 0-0: Ball
1-0: Fly out, F7 (Flyball, 7D)
Batting: LHB Carl Coffman 0-0: Ground out 4-3 (Groundball, 4)
Bottom of the 6th over - 0 runs, 0 hits, 0 errors, 0 left on base; Clemson 2 - Tennessee 8
TOP OF THE 7TH
Clemson Tigers batting - Pitching for Tennessee Volunteers : RHP José Pérez
Batting: RHB António Delgado 0-0: Foul Ball, location: 2F
0-1: Ball
1-1: Called Strike
1-2: SINGLE (Groundball, 56D)
Batting: RHB Zach O'Kelly 0-0: SINGLE (Line Drive, 6) (infield hit)
António Delgado to second
Pitching: LHP Tim Jones
Batting: LHB Dan Dukes 0-0: Fly out, F6 (Popup, 6M)
Batting: RHB Ricardo Medellín 0-0: Swinging Strike
0-1: Foul Ball, location: 2F
0-2: Foul Ball, location: 2F
0-2: Ball
1-2: Foul Ball, location: 2F
1-2: Ball
2-2: Ball
3-2: Strikes out swinging
Batting: LHB Pedro Robolledo 0-0: Foul Ball, location: 2F
0-1: Ball
1-1: Swinging Strike
1-2: Hit by Pitch
António Delgado to third
Zach O'Kelly to second
Batting: SHB Ken Hall 0-0: Ball
1-0: Fly out, F9 (Flyball, 9D)
Top of the 7th over - 0 runs, 2 hits, 0 errors, 3 left on base; Clemson 2 - Tennessee 8
BOTTOM OF THE 7TH
Tennessee Volunteers batting - Pitching for Clemson Tigers : RHP Adam O'Herlihy
Batting: SHB Jared Calhoun 0-0: Ball
1-0: Swinging Strike
1-1: Called Strike
1-2: Ball
2-2: Foul Ball, location: 2F
2-2: Strikes out looking
Batting: RHB Rodney Walker 0-0: Ball
1-0: Ball
2-0: Ball
3-0: Called Strike
3-1: Called Strike
3-2: Base on Balls
Batting: RHB Lorne McClain 0-0: Called Strike
0-1: Fly out, F9 (Line Drive, 89S)
Batting: RHB Chris Harper 0-0: Swinging Strike
0-1: Foul Ball, location: 2F
0-2: Ball
1-2: Foul Ball, location: 2F
1-2: Foul Ball, location: 2F
1-2: Ball
2-2: Strikes out swinging
Bottom of the 7th over - 0 runs, 0 hits, 0 errors, 1 left on base; Clemson 2 - Tennessee 8
TOP OF THE 8TH
Clemson Tigers batting - Pitching for Tennessee Volunteers : LHP Tim Jones
Batting: RHB Garth O'Flahavan 0-0: Called Strike
0-1: Ball
1-1: Ball
2-1: Called Strike
2-2: Ball
3-2: Base on Balls
Batting: RHB Jimmy Bryan 0-0: Called Strike
0-1: Foul Ball, location: 2F
0-2: Strikes out looking
Batting: RHB Matt Blanton 0-0: SINGLE (Line Drive, 78M)
Garth O'Flahavan to second
Batting: RHB António Delgado 0-0: Foul Ball, location: 2F
0-1: Ball
1-1: Called Strike
1-2: Ball
2-2: Ball
3-2: Base on Balls
Garth O'Flahavan to third
Matt Blanton to second
Batting: RHB Zach O'Kelly 0-0: Ball
1-0: Swinging Strike
1-1: Ball
2-1: Called Strike
Error on foul ball, E2
2-2: Strikes out looking
Batting: LHB Dan Dukes 0-0: Ball
1-0: Ground out U3 (Groundball, 34S)
Top of the 8th over - 0 runs, 1 hit, 1 error, 3 left on base; Clemson 2 - Tennessee 8
BOTTOM OF THE 8TH
Tennessee Volunteers batting - Pitching for Clemson Tigers : RHP Adam O'Herlihy
Batting: RHB John Pickup 0-0: TRIPLE (Flyball, 8RXD)
Batting: RHB Bruce Carr 0-0: Ball
1-0: Called Strike
1-1: Hit by Pitch
Batting: RHB Gary Washington 0-0: Swinging Strike
Passed Ball!
John Pickup scores
Bruce Carr to second
0-1: Called Strike
0-2: Foul Ball, location: 2F
0-2: Ball
1-2: Ball
2-2: Fly out, F7 (Flyball, 7LM)
Batting: LHB Alfredo Cantú 0-0: Swinging Strike
0-1: Ball
1-1: SINGLE (Line Drive, 78S)
Bruce Carr to third
Runner from 3rd tries for Home, SAFE, throw made home
Pitching: RHP Rick Halterman
Batting: LHB Carl Coffman 0-0: Ball
1-0: Ball
2-0: Foul Ball, location: 2F
2-1: Ball
3-1: Called Strike
3-2: Base on Balls
Alfredo Cantú to second
Batting: SHB Jared Calhoun 0-0: Ball
1-0: Ball
2-0: Called Strike
2-1: Ball
3-1: Foul Ball, location: 2F
3-2: Foul Ball, location: 2F
3-2: Base on Balls
Alfredo Cantú to third
Carl Coffman to second
Batting: RHB Rodney Walker 0-0: Ball
1-0: Ball
2-0: Ball
3-0: Base on Balls
Alfredo Cantú scores
Carl Coffman to third
Jared Calhoun to second
Batting: RHB Lorne McClain 0-0: Ball
1-0: Ball
2-0: Ball
3-0: Base on Balls
Carl Coffman scores
Jared Calhoun to third
Rodney Walker to second
Batting: RHB Chris Harper 0-0: Ball
1-0: Ball
2-0: Ball
3-0: Called Strike
3-1: Base on Balls
Jared Calhoun scores
Rodney Walker to third
Lorne McClain to second
Batting: RHB John Pickup 0-0: Ball
1-0: Ball
2-0: SINGLE (Line Drive, 6D)
Rodney Walker scores
Lorne McClain to third
Chris Harper to second
Runner from 3rd tries for Home, throw and OUT!
Batting: RHB Bruce Carr 0-0: Fly out, F8 (Flyball, 8LD)
Bottom of the 8th over - 6 runs, 3 hits, 0 errors, 2 left on base; Clemson 2 - Tennessee 14
TOP OF THE 9TH
Clemson Tigers batting - Pitching for Tennessee Volunteers : LHP Tim Jones
Batting: RHB Ricardo Medellín 0-0: Ball
1-0: Ball
2-0: Foul Ball, location: 2F
2-1: Foul Ball, location: 2F
2-2: Foul Ball, location: 2F
2-2: Ground out 6-3 (Groundball, 6)
Batting: LHB Pedro Robolledo 0-0: Ball
1-0: Ball
2-0: Ball
3-0: Called Strike
3-1: Swinging Strike
3-2: Fly out, F9 (Line Drive, 89S)
Batting: SHB Ken Hall 0-0: Ball
1-0: Ball
2-0: SINGLE (Groundball, 6MD)
Batting: RHB Garth O'Flahavan 0-0: Fielders Choice at 2nd, 6-4 (Groundball, 6)
Top of the 9th over - 0 runs, 1 hit, 0 errors, 1 left on base; Clemson 2 - Tennessee 14
Saturday, December 16th, 2017 - OOTP Baseball 18.8 Build 76